 Dungeon Crawl Stone Soup version 0.30.0-15-g856e2d3f33 (webtiles) character file.

Game seed: 6634188523884255565

40072 qw the Severer (level 14, -3/92 HPs)
             Began as a Gargoyle Cinder Acolyte on May 18, 2023.
             Was an Elder of Okawaru.
             Slain by a blink frog (7 damage)
             ... on level 5 of the Lair of Beasts.
             The game lasted 00:07:31 (11891 turns).

qw the Severer (Gargoyle Cinder Acolyte)           Turns: 11891, Time: 00:07:32

Health: -3/92      AC: 34    Str: 27    XL:     14   Next: 9%
Magic:  17/19      EV:  9    Int: 17    God:    Okawaru [****..]
Gold:   1955       SH:  6    Dex:  5    Spells: 15/15 levels left

rFire   + . .        q - +2 broad axe (heavy)
rCold   . . .        c - +0 buckler
rNeg    + + .        b - +0 plate armour
rPois   inf          a - +0 helmet
rElec   +            j - +0 cloak
rCorr   .            v - +0 pair of gloves "Laeses" {rPois rF+ rN+}
SInv    +            h - +0 pair of boots
Will    +....        u - amulet of regeneration Stlth
                     o - ring of see invisible
HPRegen 1.15/turn    i - +6 ring of strength
MPRegen 0.16/turn

%: no passive effects
@: heroic, marked, flying
A: sickness immunity, AC +10, big wings, negative energy resistance 1,
electricity resistance, torment resistance 1, petrification resistance
a: Renounce Religion, Heroism, Finesse


You were on level 5 of the Lair of Beasts.
You worshipped Okawaru.
Okawaru was greatly pleased with you.
You visited 2 branches of the dungeon, and saw 13 of its levels.

You collected 1955 gold pieces.


Innate Abilities, Weirdness & Mutations

You are immune to sickness and miasma.
Your stone body is resilient. (AC +10)
You are immune to poison.
Your large and strong wings let you fly.
You resist negative energy. (rN+)
You are resistant to electric shocks. (rElec)
You are resistant to unholy torment.
You are immune to petrification.


   Skills:
 - Level 12.0(17.0) Fighting
 - Level 15.0(20.0) Axes
 - Level 3.5(8.5) Throwing
 + Level 11.3(16.3) Armour
 - Level 2.0(7.0) Dodging
 - Level 7.2(12.2) Shields
 - Level 1.0 Spellcasting
 - Level 3.0 Fire Magic
 + Level 6.7 Invocations


You had 15 spell levels left.
You didn't know any spells.
Your spell library contained the following spells:

 Spells                   Type           Power      Damage    Failure   Level
 Scorch                   Fire           22%        2d6       52%         2

Inventory:

Hand Weapons
 e - a -2 demon whip of venom
 q - a +2 heavy broad axe (weapon)
Missiles
 d - 3 silver boomerangs (quivered)
Armour
 a - a +0 helmet (worn)
 b - a +0 plate armour (worn)
 c - a +0 buckler (worn)
 h - a +0 pair of boots (worn)
 j - a +0 cloak (worn)
 v - the +0 pair of gloves "Laeses" (worn) {rPois rF+ rN+}
   (You acquired it on level 8 of the Dungeon)

   rF:        It protects you from fire.
   rPois:     It protects you from poison.
   rN:        It protects you from negative energy.
Jewellery
 i - a +6 ring of strength (right hand)
 o - a ring of see invisible (left hand)
 u - an amulet of regeneration (around neck)
 Y - a ring of positive energy
Scrolls
 p - a scroll of identify
Potions
 f - a potion of mutation
 g - 3 potions of cancellation
 k - 2 potions of might
 l - 2 potions of curing
 m - a potion of resistance
 s - a potion of berserk rage {unknown}

Dungeon Overview and Level Annotations

Branches:
Dungeon (8/15)             Temple (0/1) D:7            Lair (5/5) D:8
  Swamp (0/4) Lair:2        Snake (0/4) Lair:2        Slime (0/5) Lair:5

Altars:
Ashenzari
Dithmenos
Fedhas
Nemelex Xobeh
Okawaru
Trog
Vehumet
Wu Jian
Xom
Jiyva

Shops:
D:4 :   D:6 :

Annotations:
D:3 2 transporters, qw's ghost, amateur GrCA
D:6 1 runed translucent door, Crazy Yiuf
Lair:3 3 runed translucent doors, qw's ghost, journeyman GrCA
Lair:5 Rupert


Message History

The yak barely misses you. The yak gores you! The blink frog barely misses you.
You slash the yak!
You kill the yak!
Okawaru accepts your kill.
You slice the yak!!
You kill the yak!
Okawaru accepts your kill.
You miss the blink frog. You cut the blink frog into ribbons!!!
You kill the blink frog!
Okawaru accepts your kill. The blink frog barely misses you.
Rupert roars madly and goes into a rage!
Rupert goes berserk!
The blink frog blinks!
The blink frog hits you but does no damage.
Rupert rages.
You closely miss the blink frog.
The blink frog is heavily wounded.
You cut Rupert into ribbons!!!
The blink frog hits you but does no damage.
Rupert hits you with a +2 battleaxe of draining.
You barely miss the blink frog.
The blink frog is heavily wounded.
You closely miss Rupert. You cut the cane toad into ribbons!!!
You block the blink frog's attack.
Rupert hits you with a +2 battleaxe of draining!!
The blink frog blinks!
The blink frog barely misses you. The cane toad barely misses you.
You block Rupert's attack.
You slice the cane toad like a ripe choko!!!
You kill the cane toad!
Okawaru accepts your kill.
You completely miss the blink frog. You barely miss Rupert.
Rupert hits you with a +2 battleaxe of draining!!
You block the blink frog's attack.
The blink frog hits you but does no damage.
You miss the blink frog.
The blink frog is almost dead.
You slice Rupert!! You slash the blink frog!
Rupert hits you with a +2 battleaxe of draining!
The blink frog barely misses you. The blink frog hits you!
You die...

.## ..# #P.# ### P.. ##
##.. .# #P.. ## ##..#
#...## #F@.# ## ## #%@#
.######.#. ##.F#
##.#.P...# #P..##
P#........#. ###..#
PP.........## ##..#
............###..###
##..........##.....###.#
##..........##P.........
.#......................


You could see Rupert (berserk) and 2 blink frogs.

Vanquished Creatures
  Gastronok (Lair:3)
  Nessos (Lair:5)
  A hydra (Lair:5)
  A catoblepas (Lair:5)
  Erica (Lair:2)
  9 death yaks
  A deep troll shaman (Lair:5)
  Amaemon (Lair:2)
  3 skysharks
  13 elephants
  2 black mambas
  A torpor snail (Lair:5)
  An orange demon (Lair:2)
  A rime drake (Lair:2)
  10 cane toads
  7 komodo dragons
  A polar bear (Lair:4)
  25 blink frogs
  5 spriggans (Lair:2)
  Sigmund (D:2)
  4 wyverns
  2 basilisks
  33 yaks
  14 fire elementals
  Menkaure (D:7)
  9 water moccasins
  4 black bears
  2 sky beasts
  An orc warrior (D:7)
  2 ogres (D:6)
  19 wolves
  A phantom (D:7)
  A kobold brigand (D:8)
  A gnoll sergeant (D:7)
  16 bullfrogs
  7 scorpions
  9 wights (D:8)
  11 killer bees
  5 hounds
  A jelly (D:4)
  A sleepcap (D:6)
  Jessica (D:2)
  An iguana (D:6)
  A hell rat (Lair:2)
  Natasha (twice) (D:2)
  2 orc wizards (D:8)
  Terence (D:3)
  Robin (D:2)
  8 gnolls
  6 adders
  A river rat (D:4)
  3 shadow imps
  An ufetubus (D:7)
  2 worms
  2 dart slugs
  12 orcs
  5 endoplasms
  12 giant cockroaches
  9 goblins
  11 hobgoblins
  6 jackals
  7 kobolds
  7 quokkas
  5 ball pythons
  10 bats
  2 frilled lizards
  6 rats
354 creatures vanquished.

Notes
Turn   | Place    | Note
-------+----------+-------------------------------------------
     0 | D:1      | qw the Gargoyle Cinder Acolyte began the quest for the Orb.
     0 | D:1      | Reached XP level 1. HP: 14/14 MP: 2/2
     0 | D:1      | 0 ||| qw: Version: 0.2-a-95-gc95f03d
     0 | D:1      | 0 ||| qw: Game counter: 30
     0 | D:1      | 0 ||| qw: Always use a shield: true
     0 | D:1      | 0 ||| qw: God list: Okawaru
     0 | D:1      | 0 ||| qw: Allow faded altars: false
     0 | D:1      | 0 ||| qw: Do Orc after D:15 true
     0 | D:1      | 0 ||| qw: Do second Lair branch before Depths: true
     0 | D:1      | 0 ||| qw: Lair rune preference: random
     0 | D:1      | 0 ||| qw: Plans: Normal
     0 | D:1      | 0 ||| PLANNING D:1-11
    35 | D:1      | 35 ||| INVOKING Fiery Armour.
   107 | D:1      | Reached skill level 3 in Axes
   245 | D:1      | Reached XP level 2. HP: 14/19 MP: 3/3
   841 | D:1      | 841 ||| UPGRADING to +0 ring mail.
   851 | D:1      | 851 ||| DROPPING +0 robe.
   852 | D:1      | 852 ||| UPGRADING to +6 ring of strength.
   853 | D:1      | 853 ||| READING scroll labelled ITEPSA GULI.
   857 | D:1      | 857 ||| DRINKING 2 viscous orange potions.
   932 | D:2      | 932 ||| Stepping ~*~*~tactically~*~*~ (stealth).
   933 | D:2      | 933 ||| Stepping ~*~*~tactically~*~*~ (stealth).
   983 | D:2      | Reached XP level 3. HP: 21/23 MP: 4/4
  1004 | D:2      | Noticed Robin
  1007 | D:2      | 1007 ||| INVOKING Fiery Armour.
  1015 | D:2      | Killed Robin
  1016 | D:2      | Reached skill level 4 in Axes
  1059 | D:2      | 1059 ||| Stepping ~*~*~tactically~*~*~ (hiding).
  1118 | D:2      | 1118 ||| Stepping ~*~*~tactically~*~*~ (stealth).
  1125 | D:2      | Reached skill level 1 in Armour
  1125 | D:2      | Reached XP level 4. HP: 20/28 MP: 5/5
  1127 | D:2      | 1127 ||| INVOKING Fiery Armour.
  1129 | D:2      | HP: 7/28 [orc/+0 hand axe (4)]
  1143 | D:2      | 1143 ||| Stepping ~*~*~tactically~*~*~ (stealth).
  1404 | D:2      | Noticed Sigmund
  1410 | D:2      | 1410 ||| INVOKING Fiery Armour.
  1419 | D:2      | Killed Sigmund
  1420 | D:2      | Reached skill level 3 in Throwing
  1420 | D:2      | Reached XP level 5. HP: 16/32 MP: 6/6
  1505 | D:2      | Reached XP level 6. HP: 37/37 MP: 7/7
  1554 | D:2      | Noticed Jessica
  1556 | D:2      | Killed Jessica
  1564 | D:2      | Noticed Natasha
  1578 | D:2      | Killed Natasha
  1865 | D:2      | Noticed Natasha
  1877 | D:2      | 1877 ||| INVOKING Fiery Armour.
  1881 | D:2      | HP: 8/37 [cerulean imp/+1 spear[Natasha] (3)]
  1883 | D:2      | Killed Natasha
  2122 | D:2      | Found a faded altar of an unknown god.
  2143 | D:2      | 2143 ||| UPGRADING to +0 helmet.
  2148 | D:2      | 2148 ||| UPGRADING to +0 pair of boots.
  2153 | D:2      | 2153 ||| READING 2 scrolls labelled DOKUORIKIM.
  2154 | D:2      | 2154 ||| READING scroll labelled SASOLUIFEU.
  2155 | D:2      | 2155 ||| READING scroll labelled FANTOM QARGH.
  2156 | D:2      | 2156 ||| READING scroll labelled GORGHACSYCAO.
  2157 | D:2      | 2157 ||| READING scroll labelled WUICLIOCINN.
  2158 | D:2      | 2158 ||| DROPPING scroll of fog.
  2357 | D:3      | Found a transporter.
  2358 | D:3      | Noticed qw's ghost (amateur GrCA)
  2364 | D:3      | Found a radiant altar of Vehumet.
  2442 | D:3      | Found a transporter.
  2470 | D:3      | Noticed Terence
  2471 | D:3      | 2471 ||| Stepping ~*~*~tactically~*~*~ (stealth).
  2516 | D:3      | 2516 ||| Stepping ~*~*~tactically~*~*~ (stealth).
  2518 | D:3      | 2518 ||| Stepping ~*~*~tactically~*~*~ (hiding).
  2520 | D:3      | 2520 ||| Stepping ~*~*~tactically~*~*~ (hiding).
  2536 | D:3      | 2536 ||| INVOKING Fiery Armour.
  2537 | D:3      | HP: 6/37 [Terence/+0 flail (10)]
  2537 | D:3      | Killed Terence
  2538 | D:3      | Reached skill level 5 in Axes
  2680 | D:3      | 2680 ||| Stepping ~*~*~tactically~*~*~ (stealth).
  2955 | D:3      | 2955 ||| UPGRADING to +1 ring mail of willpower.
  2965 | D:3      | 2965 ||| DROPPING +0 ring mail.
  2966 | D:3      | 2966 ||| UPGRADING to ring of positive energy.
  2967 | D:3      | 2967 ||| READING scroll labelled TERUMEANEY.
  2968 | D:3      | 2968 ||| READING scroll labelled NITZUO BUXI.
  2981 | D:3      | 2981 ||| READING scroll labelled ITHUULLEUGE.
  2982 | D:3      | 2982 ||| READING scroll labelled IMEJIDD IPSU.
  2983 | D:3      | 2983 ||| READING 4 scrolls of identify.
  2983 | D:3      | 2983 ||| IDENTIFYING purple potion
  2984 | D:3      | 2984 ||| READING 3 scrolls of identify.
  2984 | D:3      | 2984 ||| IDENTIFYING fizzy emerald potion
  2985 | D:3      | 2985 ||| READING 2 scrolls of identify.
  2985 | D:3      | 2985 ||| IDENTIFYING cyan potion
  2986 | D:3      | 2986 ||| DROPPING potion of invisibility.
  3004 | D:4      | 3004 ||| PLANNING SEWER
  3015 | D:4      | 3015 ||| Stepping ~*~*~tactically~*~*~ (hiding).
  3016 | D:4      | 3016 ||| Stepping ~*~*~tactically~*~*~ (hiding).
  3157 | D:4      | Found Teuretab's Book Shop.
  3200 | D:4      | 3200 ||| Stepping ~*~*~tactically~*~*~ (stealth).
  3358 | D:4      | Found a broken altar of Ashenzari.
  3521 | D:4      | Reached XP level 7. HP: 43/43 MP: 8/8
  3592 | D:4      | 3592 ||| RIP SEWER
  3671 | D:4      | 3671 ||| PLANNING D:1-11
  3763 | D:4      | 3763 ||| READING scroll labelled DIPEM RIOLEYN.
  3764 | D:4      | 3764 ||| READING scroll labelled FIXZUUDEVI.
  3765 | D:4      | 3765 ||| READING scroll labelled RYAWIY HODEYTHRE.
  3766 | D:4      | 3766 ||| DRINKING 2 glowing amethyst potions.
  3767 | D:4      | 3767 ||| DRINKING 2 potions of curing.
  3767 | D:4      | 3767 ||| (to cure confusion)
  3768 | D:4      | 3768 ||| READING 2 scrolls of identify.
  3768 | D:4      | 3768 ||| IDENTIFYING fizzy yellow potion
  3769 | D:4      | 3769 ||| DROPPING potion of lignification.
  3770 | D:4      | 3770 ||| DROPPING potion of ambrosia.
  3839 | D:5      | Entered Level 5 of the Dungeon
  3887 | D:5      | Reached skill level 6 in Axes
  3952 | D:5      | 3952 ||| Stepping ~*~*~tactically~*~*~ (stealth).
  3956 | D:5      | 3956 ||| INVOKING Fiery Armour.
  3960 | D:5      | HP: 8/43 [killer bee (5)]
  3961 | D:5      | Reached XP level 8. HP: 9/48 MP: 9/9
  4133 | D:5      | Reached skill level 7 in Axes
  4241 | D:5      | Found a shadowy altar of Dithmenos.
  4308 | D:5      | 4308 ||| SWAPPING to +0 war axe.
  4309 | D:5      | 4309 ||| DROPPING +0 heavy hand axe.
  4310 | D:5      | 4310 ||| UPGRADING to +0 cloak.
  4315 | D:5      | 4315 ||| READING scroll labelled CUCSEEM AGUE.
  4315 | D:5      | Identified a scroll of acquirement
  4315 | D:5      | 4315 ||| ACQUIRING 998 gold pieces
  4315 | D:5      | Acquired 998 gold pieces
  4317 | D:5      | 4317 ||| READING 3 scrolls labelled YSYS LAOWUCO.
  4318 | D:5      | 4318 ||| DRINKING 2 smoky orange potions.
  4319 | D:5      | 4319 ||| READING 2 scrolls of identify.
  4319 | D:5      | 4319 ||| IDENTIFYING green potion
  4320 | D:5      | 4320 ||| DROPPING potion of degeneration.
  4321 | D:5      | 4321 ||| DROPPING 2 scrolls of blinking.
  4382 | D:6      | Found a runed translucent door.
  4383 | D:6      | Noticed Crazy Yiuf
  4615 | D:6      | Reached skill level 8 in Axes
  4620 | D:6      | 4620 ||| DROPPING +0 flail.
  4650 | D:6      | Reached skill level 3 in Armour
  4694 | D:6      | Found a bloodstained altar of Trog.
  4775 | D:6      | Found a shimmering altar of Xom.
  4802 | D:6      | Found Tetiucza's Tiny Tomes.
  4962 | D:6      | Reached skill level 6 in Fighting
  5188 | D:6      | 5188 ||| UPGRADING to +0 chain mail.
  5198 | D:6      | 5198 ||| DROPPING +1 ring mail of willpower.
  5199 | D:6      | 5199 ||| UPGRADING to amulet of regeneration.
  5204 | D:6      | 5204 ||| READING scroll labelled ISUASUASSA.
  5241 | D:7      | 5241 ||| INVOKING Fiery Armour.
  5249 | D:7      | 5249 ||| STAIRDANCE
  5252 | D:6      | Reached XP level 9. HP: 51/55 MP: 10/10
  5327 | D:7      | Noticed Menkaure
  5332 | D:7      | 5332 ||| INVOKING Fiery Armour.
  5333 | D:7      | Killed Menkaure
  5334 | D:7      | Reached skill level 9 in Axes
  5418 | D:7      | Identified the +2 robe of the Maze {-Cast -Tele rElec
                  | rN+++}
  5529 | D:7      | 5529 ||| Stepping ~*~*~tactically~*~*~ (hiding).
  5554 | D:7      | Found a sparkling altar of Nemelex Xobeh.
  5562 | D:7      | Found a blossoming altar of Fedhas.
  5667 | D:7      | Found a staircase to the Ecumenical Temple.
  5805 | D:7      | 5805 ||| UPGRADING to +0 plate armour.
  5815 | D:7      | 5815 ||| DROPPING +0 chain mail.
  5915 | D:8      | Reached skill level 6 in Armour
  5942 | D:8      | 5942 ||| INVOKING Fiery Armour.
  6007 | D:8      | 6007 ||| Stepping ~*~*~tactically~*~*~ (hiding).
  6086 | D:8      | Found a staircase to the Lair.
  6119 | D:8      | Found an ornate altar of the Wu Jian Council.
  6284 | D:8      | 6284 ||| Stepping ~*~*~tactically~*~*~ (stealth).
  6286 | D:8      | 6286 ||| Stepping ~*~*~tactically~*~*~ (hiding).
  6294 | D:8      | 6294 ||| Stepping randomly (disturbance).
  6303 | D:8      | 6303 ||| DRINKING 2 potions of curing.
  6303 | D:8      | 6303 ||| (to cure confusion)
  6309 | D:8      | 6309 ||| INVOKING Fiery Armour.
  6357 | D:8      | 6357 ||| READING scroll of acquirement.
  6357 | D:8      | 6357 ||| ACQUIRING +0 pair of gloves "Laeses" {rPois rF+
                  | rN+}
  6357 | D:8      | Acquired the +0 pair of gloves "Laeses" {rPois rF+ rN+}
  6359 | D:8      | 6359 ||| UPGRADING to +0 pair of gloves "Laeses" {rPois rF+
                  | rN+}.
  6398 | D:8      | Reached XP level 10. HP: 63/63 MP: 11/11
  6415 | D:8      | 6415 ||| DROPPING -3 morningstar.
  6472 | D:8      | Found an iron altar of Okawaru.
  6578 | D:8      | 6578 ||| PLANNING LAIR
  6578 | D:8      | 6578 ||| READING 2 scrolls of identify.
  6578 | D:8      | 6578 ||| IDENTIFYING inky potion
  6636 | Lair:1   | Entered Level 1 of the Lair of Beasts
  6712 | Lair:1   | Reached skill level 10 in Axes
  6744 | Lair:1   | Noticed an elephant
  6746 | Lair:1   | Noticed an elephant
  6747 | Lair:1   | 6747 ||| Stepping ~*~*~tactically~*~*~ (stealth).
  6748 | Lair:1   | 6748 ||| Stepping ~*~*~tactically~*~*~ (stealth).
  6757 | Lair:1   | Noticed an elephant
  6758 | Lair:1   | Noticed an elephant
  6771 | Lair:1   | 6771 ||| INVOKING Fiery Armour.
  6771 | Lair:1   | Killed an elephant
  6773 | Lair:1   | Killed an elephant
  6781 | Lair:1   | Killed an elephant
  6784 | Lair:1   | Killed an elephant
  6915 | Lair:1   | 6915 ||| Stepping ~*~*~tactically~*~*~ (stealth).
  6916 | Lair:1   | 6916 ||| Stepping ~*~*~tactically~*~*~ (stealth).
  7156 | Lair:1   | Noticed a cane toad
  7164 | Lair:1   | Killed a cane toad
  7187 | Lair:1   | 7187 ||| Stepping ~*~*~tactically~*~*~ (stealth).
  7204 | Lair:1   | 7204 ||| Stepping ~*~*~tactically~*~*~ (stealth).
  7213 | Lair:1   | Reached skill level 11 in Axes
  7443 | Lair:1   | Reached XP level 11. HP: 69/69 MP: 12/12
  7514 | Lair:1   | Reached skill level 9 in Fighting
  7630 | Lair:1   | 7630 ||| DROPPING +1 chain mail of cold resistance.
  7794 | Lair:2   | Reached skill level 9 in Armour
  7823 | Lair:2   | Found a staircase to the Swamp.
  7825 | Lair:2   | Noticed Amaemon
  7825 | Lair:2   | Noticed a skyshark
  7837 | Lair:2   | 7837 ||| INVOKING Fiery Armour.
  7842 | Lair:2   | HP: 15/71 [orange demon[Amaemon] (9)]
  7843 | Lair:2   | 7843 ||| READING scroll of teleportation.
  7843 | Lair:2   | Killed a skyshark
  7844 | Lair:2   | 7844 ||| DRINKING 3 potions of heal wounds.
  7888 | Lair:2   | Noticed Erica
  7889 | Lair:2   | 7889 ||| DROPPING 2 potions of brilliance.
  7890 | Lair:2   | 7890 ||| Stepping randomly (disturbance).
  7891 | Lair:2   | 7891 ||| Stepping randomly (disturbance).
  7896 | Lair:2   | 7896 ||| Stepping randomly (disturbance).
  7897 | Lair:2   | 7897 ||| Stepping randomly (disturbance).
  7897 | Lair:2   | Paralysed by something for 2 turns
  7904 | Lair:2   | 7904 ||| DRINKING potion of curing.
  7904 | Lair:2   | 7904 ||| (to cure confusion)
  7914 | Lair:2   | Killed Erica
  7966 | Lair:2   | 7966 ||| PLANNING OKAWARU WORSHIP
  8023 | Lair:2   | Killed Amaemon
  8029 | Lair:2   | Reached skill level 12 in Axes
  8050 | Lair:2   | HP: 17/72 [orange demon[Amaemon] (6)]
  8051 | Lair:2   | 8051 ||| DRINKING 2 potions of heal wounds.
  8200 | D:8      | Fell from the grace of Ignis
  8200 | D:8      | Became a worshipper of Warmaster Okawaru
  8200 | D:8      | 8200 ||| PLANNING LAIR
  8278 | Lair:2   | Found a staircase to the Snake Pit.
  8284 | Lair:2   | 8284 ||| READING scroll of enchant weapon.
  8284 | Lair:2   | 8284 ||| ENCHANTING +0 war axe.
  8288 | Lair:2   | 8288 ||| Stepping ~*~*~tactically~*~*~ (water).
  8351 | Lair:2   | 8351 ||| Stepping ~*~*~tactically~*~*~ (stealth).
  8370 | Lair:2   | Reached * piety under Okawaru
  8470 | Lair:2   | 8470 ||| INVOKING Heroism.
  8535 | Lair:2   | Reached skill level 1 in Invocations
  8595 | Lair:2   | 8595 ||| INVOKING Heroism.
  8615 | Lair:2   | 8615 ||| INVOKING Heroism.
  8619 | Lair:2   | Reached XP level 12. HP: 74/77 MP: 10/14
  8627 | Lair:2   | Reached skill level 3 in Invocations
  8635 | Lair:2   | 8635 ||| INVOKING Heroism.
  8654 | Lair:2   | 8654 ||| INVOKING Heroism.
  8797 | Lair:2   | 8797 ||| DROPPING +2 morningstar.
  8961 | Lair:2   | 8961 ||| Stepping ~*~*~tactically~*~*~ (hiding).
  9072 | Lair:2   | 9072 ||| UPGRADING to +0 buckler.
  9077 | Lair:2   | 9077 ||| DROPPING orb of light.
  9078 | Lair:2   | 9078 ||| DRINKING 3 grey potions.
  9079 | Lair:2   | 9079 ||| DROPPING 2 potions of attraction.
  9125 | Lair:3   | Noticed a skyshark
  9138 | Lair:3   | Killed a skyshark
  9176 | Lair:3   | Found a runed translucent gate.
  9177 | Lair:3   | Found a runed translucent gate.
  9178 | Lair:3   | Found a runed translucent gate.
  9178 | Lair:3   | Noticed qw's ghost (journeyman GrCA)
  9194 | Lair:3   | Noticed Gastronok
  9195 | Lair:3   | 9195 ||| INVOKING Heroism.
  9214 | Lair:3   | Killed Gastronok
  9238 | Lair:3   | 9238 ||| Stepping ~*~*~tactically~*~*~ (stealth).
  9248 | Lair:3   | Reached ** piety under Okawaru
  9350 | Lair:3   | 9350 ||| Stepping ~*~*~tactically~*~*~ (stealth).
  9380 | Lair:3   | Reached skill level 6 in Shields
  9460 | Lair:3   | 9460 ||| Stepping ~*~*~tactically~*~*~ (stealth).
  9467 | Lair:3   | Reached skill level 13 in Axes
  9504 | Lair:3   | 9504 ||| INVOKING Heroism.
  9594 | Lair:3   | 9594 ||| Stepping ~*~*~tactically~*~*~ (stealth).
  9605 | Lair:3   | 9605 ||| INVOKING Heroism.
  9624 | Lair:3   | 9624 ||| INVOKING Heroism.
  9689 | Lair:3   | 9689 ||| INVOKING Heroism.
  9743 | Lair:3   | 9743 ||| READING scroll of acquirement.
  9743 | Lair:3   | 9743 ||| ACQUIRING +1 heavy broad axe
  9743 | Lair:3   | Acquired a +1 heavy broad axe
  9745 | Lair:3   | 9745 ||| SWAPPING to +1 heavy broad axe.
  9746 | Lair:3   | 9746 ||| DROPPING +1 war axe.
  9801 | Lair:3   | You fall into a shaft and drop 1 floor!
  9840 | Lair:4   | 9840 ||| INVOKING Heroism.
  9869 | Lair:4   | 9869 ||| INVOKING Heroism.
  9884 | Lair:4   | 9884 ||| INVOKING Heroism.
  9895 | Lair:4   | You fall into a shaft and drop 1 floor!
  9895 | Lair:5   | Entered Level 5 of the Lair of Beasts
  9899 | Lair:5   | Reached *** piety under Okawaru
  9903 | Lair:5   | 9903 ||| INVOKING Heroism.
  9907 | Lair:5   | Reached skill level 14 in Axes
  9912 | Lair:5   | Reached XP level 13. HP: 47/82 MP: 14/16
  9971 | Lair:5   | 9971 ||| INVOKING Heroism.
 10015 | Lair:4   | 10015 ||| INVOKING Heroism.
 10059 | Lair:4   | 10059 ||| INVOKING Heroism.
 10069 | Lair:4   | 10069 ||| INVOKING Heroism.
 10088 | Lair:4   | 10088 ||| INVOKING Heroism.
 10117 | Lair:4   | 10117 ||| READING scroll of enchant weapon.
 10117 | Lair:4   | 10117 ||| ENCHANTING +1 heavy broad axe.
 10240 | Lair:4   | Was forgiven by Ignis
 10293 | Lair:4   | 10293 ||| READING 2 scrolls of identify.
 10293 | Lair:4   | 10293 ||| IDENTIFYING clear potion
 10294 | Lair:4   | 10294 ||| DROPPING potion of flight.
 10467 | Lair:3   | 10467 ||| INVOKING Heroism.
 10696 | Lair:3   | Found a viscous altar of Jiyva.
 10718 | Lair:4   | 10718 ||| INVOKING Heroism.
 10743 | Lair:4   | 10743 ||| INVOKING Heroism.
 10854 | Lair:4   | 10854 ||| INVOKING Heroism.
 11100 | Lair:4   | 11100 ||| UPGRADING to ring of see invisible.
 11102 | Lair:4   | 11102 ||| UPGRADING to +6 ring of strength.
 11198 | Lair:5   | Found a staircase to the Slime Pits.
 11242 | Lair:5   | 11242 ||| INVOKING Heroism.
 11260 | Lair:5   | 11260 ||| Stepping ~*~*~tactically~*~*~ (stealth).
 11264 | Lair:5   | 11264 ||| Stepping ~*~*~tactically~*~*~ (stealth).
 11269 | Lair:5   | 11269 ||| Stepping ~*~*~tactically~*~*~ (stealth).
 11317 | Lair:5   | Reached **** piety under Okawaru
 11317 | Lair:5   | Received a gift from Okawaru
 11338 | Lair:5   | Noticed Nessos
 11348 | Lair:5   | 11348 ||| INVOKING Heroism.
 11361 | Lair:5   | HP: 20/84 [Nessos/arrow (16)]
 11362 | Lair:5   | 11362 ||| READING scroll of teleportation.
 11363 | Lair:5   | 11363 ||| DRINKING potion of heal wounds.
 11364 | Lair:5   | 11364 ||| INVOKING Heroism.
 11403 | Lair:5   | 11403 ||| INVOKING Heroism.
 11412 | Lair:5   | Killed Nessos
 11429 | Lair:5   | 11429 ||| INVOKING Heroism.
 11577 | Lair:5   | 11577 ||| INVOKING Heroism.
 11585 | Lair:5   | Reached skill level 15 in Axes
 11598 | Lair:5   | 11598 ||| INVOKING Heroism.
 11611 | Lair:5   | 11611 ||| INVOKING Heroism.
 11697 | Lair:5   | 11697 ||| INVOKING Heroism.
 11702 | Lair:5   | 11702 ||| SWAPPING to -2 demon whip of venom.
 11713 | Lair:5   | 11713 ||| SWAPPING to +2 heavy broad axe.
 11714 | Lair:5   | HP: 21/85 [deep troll shaman (17)]
 11716 | Lair:5   | Reached skill level 12 in Fighting
 11716 | Lair:5   | Reached skill level 6 in Invocations
 11716 | Lair:5   | Gained mutation: Your large and strong wings let you fly.
                  | [Gargoyle growth]
 11716 | Lair:5   | Reached XP level 14. HP: 25/92 MP: 18/18
 11789 | Lair:5   | Identified the staff of conjuration "Hofrouwi" {Will- Dex+4
                  | Stlth+}
 11884 | Lair:5   | Noticed Rupert
 11885 | Lair:5   | 11885 ||| INVOKING Heroism.
 11890 | Lair:5   | HP: 12/92 [Rupert/+2 battleaxe of draining (28)]
 11891 | Lair:5   | HP: 4/92 [Rupert/+2 battleaxe of draining (9)]
 11891 | Lair:5   | Slain by a blink frog

Levels and vault maps discovered:
D:1:      nzn_arrival_crosshair, layout_loops_ring,
          minmay_misc_feat_four_crosses, st_stairs_13
D:2:      layout_loops_corners, hellmonk_ecumenical_altar_run_dry,
          minmay_tall_x, uniq_robin, uniq_natasha, uniq_jessica, uniq_sigmund
D:3:      layout_loops_ring, nicolae_vehumet_radiance, gammafunk_ghost_arena,
          uniq_terence
D:4:      layout_loops_cross, nicolae_ashenzari_panopticon, serial_shops, shop,
          gup_sewer_entry_spiral
D:5:      layout_gridville, mainiacjoe_overflow_brackets
D:6:      old_forge, layout_basic, xom_butterflies, kennysheep_mini_moat,
          nicolae_shop_i_like_small_books_too, kennysheep_generic_room_5,
          uniq_crazy_yiuf_cottage
D:7:      layout_rooms, mainiacjoe_overflow_alcove_1, fedhas_altar_2,
          minmay_temple_entry_enclosed_plants, uniq_menkaure
D:8:      layout_loops_ring, mainiacjoe_overflow_six_doors_small,
          mainiacjoe_overflow_alcove_2, dpeg_oklobed_lair
Lair:1:   layout_roguey, grunt_megastairs_2
Lair:2:   kb_forest_paths, layout_small_grid, swamp_mist,
          guppyfry_snake_entry_island, minivault_19, uniq_erica, uniq_amaemon
Lair:3:   layout_roguey, gammafunk_ghost_ooze, nicolae_lair_grove_arrangements,
          grunt_megastairs_4, uniq_gastronok
Lair:4:   layout_big_grid, hibernation_bobbens, lemuel_fruit_tree
Lair:5:   grunt_lair_end_beastmaster, layout_gridlike, slime_entry_1,
          minmay_lair_oklob_bushes, uniq_nessos, uniq_rupert

Skill      XL: |  1  2  3  4  5  6  7  8  9 10 11 12 13 |
---------------+----------------------------------------+-----
Axes           | 3 4 5 6 8 9 11 12 14 15 | 15.0
Armour         | 1 2 4 6 8 9 10 11 | 11.3
Throwing       | 3 |  3.5
Fighting       | 4 6 7 8 10 12 | 12.0
Dodging        | 2 |  2.0
Invocations    | 2 4 6 |  6.7
Shields        | 6 7 |  7.2
Spellcasting   | |  1.0
Fire Magic     | |  3.0

Action                     |  1- 3 |  4- 6 |  7- 9 | 10-12 | 13-15 || total
---------------------------+-------+-------+-------+-------+-------++-------
  Melee: Hand axe          |   106 |   146 |    35 |       |       ||   287
         Punch             |     1 |       |     1 |     6 |       ||     8
         War axe           |       |       |   198 |   680 |       ||   878
         Broad axe         |       |       |       |    42 |   214 ||   256
         Demon whip        |       |       |       |       |    10 ||    10
  Throw: Javelin           |       |    39 |    21 |    18 |       ||    78
         Boomerang         |       |       |       |       |     9 ||     9
 Invoke: Fiery Armour      |     2 |     4 |     5 |     2 |       ||    13
         Heroism           |       |       |       |    14 |    19 ||    33
    Use: Scroll            |     1 |    12 |     9 |     4 |     3 ||    29
         Potion            |     1 |       |     4 |     4 |     1 ||    10
   Stab: Sleeping          |       |       |       |     2 |       ||     2
 Armour: Robe              |    19 |       |       |       |       ||    19
         Ring mail         |    23 |    84 |    94 |       |       ||   201
         Chain mail        |       |       |    50 |       |       ||    50
         Plate armour      |       |       |    74 |   606 |   207 ||   887
  Dodge: Dodged            |    64 |    76 |   148 |   286 |   102 ||   676
  Block: Buckler           |       |       |       |    47 |    60 ||   107

Table legend:
 A = Non-vault XP
 B = Vault XP
 C = Vault XP percentage of total XP
 D = Non-vault monster count
 E = Vault monster count
 F = Vault count percentage of total count
                 A         B        C        D         E       F
            +---------+---------+-------+---------+---------+-------
      Total |   38272 |   18974 |  33.1 |     260 |      80 |  23.5
            +---------+---------+-------+---------+---------+-------
        D:1 |      28 |       2 |   6.7 |      16 |       1 |   5.9
        D:2 |      62 |     336 |  84.4 |      18 |      17 |  48.6
        D:3 |      53 |      32 |  37.6 |      15 |       1 |   6.2
        D:4 |     158 |      18 |  10.2 |      17 |       5 |  22.7
        D:5 |     649 |       0 |   0.0 |      11 |       0 |   0.0
        D:6 |     562 |     448 |  44.4 |      17 |      13 |  43.3
        D:7 |     766 |     183 |  19.3 |      15 |       1 |   6.2
        D:8 |    1696 |       0 |   0.0 |      26 |       0 |   0.0
     Lair:1 |    4623 |      85 |   1.8 |      20 |       1 |   4.8
     Lair:2 |    5934 |    4666 |  44.0 |      25 |      15 |  37.5
     Lair:3 |    5757 |    1977 |  25.6 |      24 |       5 |  17.2
     Lair:4 |    9697 |       0 |   0.0 |      28 |       0 |   0.0
     Lair:5 |    8287 |   11227 |  57.5 |      28 |      21 |  42.9
            +---------+---------+-------+---------+---------+-------
